General information
- name: BNet
- type: Ladder team game (AT/RT)
- host: Battle.net
- saver: JakeTheIdiotBoy
map: DragonFalls
- players: 8
- length: 59:13
- speed: Fast
- version: 1.26 W3XP
- replay type: Public
» download(305 KB)
Players
team 1 (winner)
junk (
yellow | 44 APM | 2418 actions | 55:05)
5 Mountain King
3 Storm Bolt
2 Bash
4 Paladin
2 Holy Light
2 Divine Shield
» actions
| Basic commands | 26 | |
| Build / train | 90 | |
| Enter build submenu | 35 | |
| Enter hero's abilities submenu | 9 | |
| Give item / drop item | 1 | |
| Right click | 1512 | |
| Select / deselect | 659 | |
| Use ability | 86 | |
2418 total
» units
| Peasant | 13 | |
| Footman | 8 | |
| Flying Machine | 7 | |
| Siege Engine | 16 | |
| Mortar Team | 5 | |
49 total
» upgrades
| Swords | 1 | |
| Plating | 3 | |
| Gunpowder | 3 | |
| Masonry | 1 | |
| Lumber Harvesting | 2 | |
| Flak Cannons | 1 | |
| Flying Machine Bombs | 1 | |
| Barrage | 1 | |
| Fragmentation Shards | 1 | |
| Armor | 2 | |
16 total
» buildings
| Altar of Kings | 1 | |
| Farm | 14 | |
| Barracks | 2 | |
| Blacksmith | 1 | |
| Scout Tower | 9 | |
| Lumber Mill | 3 | |
| Arcane Tower | 2 | |
| Keep | 1 | |
| Castle | 1 | |
| Workshop | 5 | |
| Guard Tower | 5 | |
| Town Hall | 3 | |
| Arcane Vault | 1 | |
48 total
» build order
00:05 Altar of Kings
00:07 Farm
00:53 Farm
00:56 Farm
01:17 Farm
02:07 Barracks
02:11 Barracks
02:17 Blacksmith
02:22 Scout Tower
02:27 Lumber Mill
02:51 Arcane Tower
05:04 Farm
05:05 Farm
06:02 Keep
08:01 Scout Tower
08:03 Scout Tower
08:06 Scout Tower
08:12 Lumber Mill
08:25 Castle
08:32 Workshop
08:36 Guard Tower
08:39 Workshop
08:42 Workshop
08:47 Scout Tower
09:06 Farm
09:09 Farm
09:16 Guard Tower
10:22 Farm
10:25 Farm
10:28 Farm
14:48 Town Hall
16:46 Town Hall
17:51 Workshop
17:55 Workshop
19:26 Scout Tower
19:30 Scout Tower
19:30 Scout Tower
19:33 Scout Tower
20:00 Arcane Tower
20:06 Lumber Mill
20:28 Guard Tower
20:37 Guard Tower
20:58 Guard Tower
21:50 Farm
21:51 Farm
21:51 Farm
22:25 Arcane Vault
36:09 Town Hall
» items
| Potion of Lesser Invulnerability | 1 | |
| Dust of Appearance | 1 | |
| Boots of Speed | 1 | |
3 total
JakeTheIdiotBoy (
pink | 32 APM | 1905 actions | 59:13)
7 Archmage
3 Summon Water Elemental
3 Brilliance Aura
1 Mass Teleport
» actions
| Assign group hotkey | 33 | |
| Basic commands | 207 | |
| Build / train | 94 | |
| Enter build submenu | 68 | |
| Enter hero's abilities submenu | 7 | |
| Give item / drop item | 7 | |
| Right click | 586 | |
| Select / deselect | 546 | |
| Select group hotkey | 178 | |
| Use ability | 177 | |
1905 total
» units
| Peasant | 12 | |
| Footman | 4 | |
| Goblin Shredder | 2 | |
| Goblin Sapper | 22 | |
| Goblin Zeppelin | 1 | |
| Gryphon Rider | 2 | |
| Green Dragon | 1 | |
44 total
» upgrades
| Masonry | 3 | |
| Storm Hammers | 1 | |
| Swords | 3 | |
| Armor | 3 | |
| Animal War Training | 1 | |
| Cloud | 1 | |
12 total
» buildings
| Altar of Kings | 1 | |
| Barracks | 1 | |
| Farm | 12 | |
| Keep | 1 | |
| Arcane Vault | 1 | |
| Lumber Mill | 1 | |
| Town Hall | 5 | |
| Scout Tower | 50 | |
| Castle | 1 | |
| Guard Tower | 19 | |
| Gryphon Aviary | 6 | |
| Blacksmith | 2 | |
100 total
» build order
00:37 Altar of Kings
00:38 Barracks
00:52 Farm
00:53 Farm
01:06 Farm
02:03 Farm
03:20 Keep
03:32 Arcane Vault
04:26 Lumber Mill
04:30 Town Hall
04:35 Scout Tower
04:36 Scout Tower
04:37 Scout Tower
05:46 Castle
06:14 Guard Tower
06:46 Scout Tower
06:47 Scout Tower
06:49 Scout Tower
06:51 Scout Tower
08:34 Guard Tower
08:54 Farm
10:17 Gryphon Aviary
10:22 Gryphon Aviary
10:25 Gryphon Aviary
10:27 Gryphon Aviary
10:53 Town Hall
10:55 Scout Tower
10:56 Scout Tower
10:56 Scout Tower
10:57 Scout Tower
10:58 Scout Tower
10:59 Scout Tower
11:01 Scout Tower
11:05 Scout Tower
11:23 Blacksmith
11:27 Blacksmith
11:35 Scout Tower
11:38 Farm
11:58 Farm
12:03 Guard Tower
12:44 Guard Tower
12:52 Guard Tower
14:11 Guard Tower
15:11 Scout Tower
15:12 Scout Tower
15:13 Farm
15:14 Farm
15:15 Farm
15:16 Farm
16:45 Guard Tower
16:53 Town Hall
16:55 Scout Tower
16:56 Scout Tower
16:57 Scout Tower
16:57 Scout Tower
16:59 Scout Tower
17:00 Scout Tower
17:01 Scout Tower
17:01 Scout Tower
17:02 Scout Tower
18:04 Guard Tower
20:34 Scout Tower
20:35 Scout Tower
20:36 Scout Tower
20:37 Scout Tower
20:40 Scout Tower
20:40 Scout Tower
21:02 Guard Tower
21:32 Guard Tower
21:36 Guard Tower
21:40 Guard Tower
22:42 Guard Tower
25:12 Town Hall
25:17 Scout Tower
25:18 Scout Tower
25:18 Scout Tower
25:18 Scout Tower
25:20 Scout Tower
25:21 Scout Tower
25:21 Scout Tower
25:22 Scout Tower
26:11 Guard Tower
26:20 Guard Tower
28:02 Town Hall
28:13 Scout Tower
28:14 Scout Tower
28:15 Scout Tower
28:16 Scout Tower
28:18 Scout Tower
28:19 Scout Tower
28:19 Scout Tower
28:21 Scout Tower
28:57 Guard Tower
29:04 Guard Tower
29:22 Guard Tower
29:40 Guard Tower
36:15 Gryphon Aviary
36:16 Gryphon Aviary
40:52 Farm
» items
| Scroll of Regeneration | 2 | |
| Lesser Clarity Potion | 1 | |
| Healing Salve | 1 | |
| Periapt of Vitality | 2 | |
| Staff of Teleportation | 1 | |
| Potion of Invisibility | 1 | |
| Boots of Speed | 1 | |
9 total

»
elvenwing (
purple | 26 APM | 1415 actions | 54:00)
5 Dark Ranger
3 Black Arrow
2 Silence
2 Shadow Hunter
1 Hex
1 Healing Wave
» actions
| Assign group hotkey | 14 | |
| Basic commands | 147 | |
| Build / train | 82 | |
| Enter build submenu | 25 | |
| Enter hero's abilities submenu | 7 | |
| Give item / drop item | 3 | |
| Remove unit from queue | 2 | |
| Right click | 408 | |
| Select / deselect | 429 | |
| Select group hotkey | 151 | |
| Use ability | 147 | |
1415 total
» units
| Peon | 19 | |
| Grunt | 13 | |
| Troll Batrider | 8 | |
| Raider | 13 | |
| Wind Rider | 1 | |
| Demolisher | 1 | |
55 total
» upgrades
| Melee Weapons | 1 | |
| Armor | 1 | |
| Pillage | 1 | |
| Berserker Strength | 1 | |
| Ensnare | 1 | |
5 total
» buildings
| Altar of Storms | 1 | |
| Orc Burrow | 7 | |
| Barracks | 1 | |
| Voodoo Lounge | 1 | |
| War Mill | 1 | |
| Stronghold | 2 | |
| Watch Tower | 5 | |
| Beastiary | 1 | |
| Great Hall | 1 | |
20 total
» build order
00:05 Altar of Storms
00:08 Orc Burrow
00:53 Barracks
01:59 Orc Burrow
04:35 Voodoo Lounge
04:44 War Mill
04:50 Orc Burrow
05:46 Stronghold
07:27 Orc Burrow
07:29 Watch Tower
08:17 Beastiary
16:51 Orc Burrow
16:59 Orc Burrow
17:00 Watch Tower
19:52 Watch Tower
26:22 Great Hall
33:25 Stronghold
33:51 Watch Tower
33:55 Orc Burrow
33:57 Watch Tower
» items
| Scroll of Speed | 2 | |
| Scroll of Town Portal | 3 | |
| Potion of Mana | 1 | |
| Healing Salve | 1 | |
| Lesser Clarity Potion | 2 | |
9 total
BringTheHeat (
teal | 24 APM | 1433 actions | 59:13)
5 Mountain King
3 Storm Bolt
2 Thunder Clap
» actions
| Basic commands | 7 | |
| Build / train | 59 | |
| Enter build submenu | 24 | |
| Enter hero's abilities submenu | 5 | |
| Remove unit from queue | 2 | |
| Right click | 739 | |
| Select / deselect | 540 | |
| Use ability | 57 | |
1433 total
» units
| Peasant | 24 | |
| Rifleman | 14 | |
| Knight | 2 | |
40 total
» upgrades
» buildings
| Altar of Kings | 1 | |
| Barracks | 2 | |
| Farm | 14 | |
| Blacksmith | 1 | |
| Lumber Mill | 1 | |
| Keep | 2 | |
| Castle | 1 | |
| Arcane Vault | 1 | |
| Scout Tower | 1 | |
24 total
» build order
00:07 Altar of Kings
00:12 Barracks
00:16 Farm
01:29 Farm
02:09 Blacksmith
03:11 Lumber Mill
03:44 Farm
04:22 Farm
05:05 Barracks
07:08 Farm
07:29 Farm
07:52 Keep
08:29 Farm
08:53 Farm
10:08 Keep
10:26 Farm
11:55 Farm
13:51 Castle
19:20 Farm
19:30 Farm
19:48 Arcane Vault
19:57 Farm
25:32 Farm
57:05 Scout Tower
» items
| Scroll of Town Portal | 1 | |
| Scroll of Regeneration | 2 | |
3 total
team 2 (loser)
MY-GF-IS-400-LB (
red | 58 APM | 3431 actions | 59:13)
7 Blademaster
3 Wind Walk
3 Critical Strike
1 Bladestorm
1 Shadow Hunter
1 Hex
» actions
| Assign group hotkey | 139 | |
| Basic commands | 10 | |
| Build / train | 62 | |
| Enter build submenu | 22 | |
| Enter hero's abilities submenu | 8 | |
| Give item / drop item | 4 | |
| Remove unit from queue | 4 | |
| Right click | 1414 | |
| Select / deselect | 208 | |
| Select group hotkey | 1355 | |
| Use ability | 205 | |
3431 total
» units
| Peon | 10 | |
| Troll Batrider | 9 | |
| Wind Rider | 1 | |
| Raider | 5 | |
| Green Dragon | 1 | |
26 total
» upgrades
| Ensnare | 1 | |
| Reinforced Defenses | 1 | |
| Melee Weapons | 2 | |
| Liquid Fire | 1 | |
| Ranged Weapons | 1 | |
6 total
» buildings
| Altar of Storms | 1 | |
| Orc Burrow | 6 | |
| War Mill | 1 | |
| Voodoo Lounge | 1 | |
| Watch Tower | 18 | |
| Stronghold | 1 | |
| Beastiary | 2 | |
| Fortress | 1 | |
| Black Citadel | 1 | |
| Sacrificial Pit | 1 | |
| Spirit Lodge | 1 | |
34 total
» build order
00:08 Altar of Storms
00:18 Orc Burrow
00:42 War Mill
01:31 Voodoo Lounge
01:58 Watch Tower
02:12 Watch Tower
02:43 Watch Tower
03:00 Orc Burrow
03:48 Stronghold
04:35 Watch Tower
04:36 Watch Tower
04:59 Orc Burrow
05:00 Orc Burrow
05:24 Watch Tower
06:37 Beastiary
06:54 Beastiary
07:34 Watch Tower
07:34 Watch Tower
07:34 Watch Tower
08:39 Fortress
10:13 Black Citadel
10:18 Sacrificial Pit
12:32 Orc Burrow
12:32 Orc Burrow
12:38 Watch Tower
12:39 Watch Tower
12:40 Watch Tower
12:41 Watch Tower
12:41 Watch Tower
12:42 Watch Tower
14:13 Spirit Lodge
23:26 Watch Tower
23:27 Watch Tower
23:27 Watch Tower
» items
| Healing Salve | 2 | |
| Lesser Clarity Potion | 2 | |
| Staff of Teleportation | 1 | |
| Boots of Speed | 1 | |
| Potion of Lesser Invulnerability | 1 | |
| Potion of Invisibility | 1 | |
| Potion of Mana | 2 | |
| Potion of Healing | 1 | |
11 total
RainOfDespair (
blue | 67 APM | 3963 actions | 59:13)
10 Blood Mage
3 Flame Strike
3 Siphon Mana
1 Summon Phoenix
3 Banish
» actions
| Assign group hotkey | 127 | |
| Basic commands | 190 | |
| Build / train | 303 | |
| ESC pressed | 13 | |
| Enter build submenu | 64 | |
| Enter hero's abilities submenu | 10 | |
| Give item / drop item | 2 | |
| Right click | 1236 | |
| Select / deselect | 531 | |
| Select group hotkey | 1193 | |
| Use ability | 294 | |
3963 total
» units
| Peasant | 21 | |
| Footman | 11 | |
| Goblin Shredder | 5 | |
| Goblin Zeppelin | 5 | |
| Sorceress | 1 | |
| Gryphon Rider | 9 | |
| Green Dragon | 17 | |
| Green Drake | 1 | |
| Priest | 1 | |
| Goblin Sapper | 2 | |
73 total
» upgrades
| Masonry | 3 | |
| Sorceress Training | 2 | |
| Magic Sentry | 1 | |
| Lumber Harvesting | 2 | |
| Swords | 3 | |
| Armor | 3 | |
| Storm Hammers | 1 | |
| Cloud | 1 | |
| Animal War Training | 1 | |
| Gunpowder | 3 | |
| Plating | 3 | |
| Backpack | 1 | |
| Unholy Strength | 1 | |
| Unholy Armor | 1 | |
| Priest Training | 2 | |
| Control Magic | 1 | |
29 total
» buildings
| Altar of Kings | 1 | |
| Barracks | 1 | |
| Farm | 4 | |
| Arcane Vault | 2 | |
| Lumber Mill | 1 | |
| Town Hall | 4 | |
| Scout Tower | 55 | |
| Arcane Tower | 3 | |
| Keep | 7 | |
| Guard Tower | 106 | |
| Arcane Sanctum | 3 | |
| Castle | 8 | |
| Gryphon Aviary | 4 | |
| Blacksmith | 2 | |
| Spirit Tower | 4 | |
205 total
» build order
00:51 Altar of Kings
00:52 Barracks
00:55 Farm
01:09 Farm
01:43 Farm
02:13 Farm
02:19 Arcane Vault
03:14 Lumber Mill
04:15 Town Hall
05:07 Scout Tower
06:02 Arcane Tower
06:05 Scout Tower
06:11 Scout Tower
06:15 Scout Tower
06:16 Scout Tower
06:18 Scout Tower
06:34 Keep
06:34 Keep
06:34 Keep
06:45 Guard Tower
06:46 Guard Tower
06:46 Guard Tower
06:51 Guard Tower
06:59 Guard Tower
07:00 Guard Tower
07:04 Arcane Tower
07:15 Guard Tower
08:31 Scout Tower
08:33 Scout Tower
08:34 Scout Tower
09:08 Town Hall
09:14 Scout Tower
09:15 Scout Tower
09:17 Scout Tower
09:33 Guard Tower
09:34 Guard Tower
10:16 Guard Tower
10:17 Guard Tower
10:17 Guard Tower
10:25 Guard Tower
10:25 Guard Tower
10:25 Guard Tower
10:26 Guard Tower
10:45 Guard Tower
10:46 Guard Tower
11:06 Guard Tower
11:26 Guard Tower
11:31 Scout Tower
11:31 Scout Tower
11:32 Scout Tower
11:33 Scout Tower
11:34 Scout Tower
11:41 Scout Tower
11:41 Scout Tower
11:42 Scout Tower
11:43 Scout Tower
11:44 Scout Tower
11:45 Scout Tower
11:45 Scout Tower
12:15 Guard Tower
12:15 Guard Tower
12:40 Guard Tower
12:41 Guard Tower
12:41 Guard Tower
12:41 Guard Tower
13:04 Guard Tower
13:11 Guard Tower
13:11 Guard Tower
13:11 Guard Tower
13:12 Guard Tower
13:30 Arcane Sanctum
13:49 Scout Tower
13:50 Scout Tower
13:50 Scout Tower
13:51 Scout Tower
13:53 Scout Tower
14:15 Castle
14:15 Castle
14:15 Castle
14:23 Guard Tower
14:24 Guard Tower
14:24 Guard Tower
14:24 Guard Tower
15:10 Guard Tower
15:14 Scout Tower
15:14 Scout Tower
15:15 Scout Tower
15:16 Scout Tower
15:17 Scout Tower
15:19 Scout Tower
15:19 Scout Tower
15:19 Scout Tower
15:20 Scout Tower
15:21 Scout Tower
15:23 Scout Tower
15:25 Scout Tower
15:26 Scout Tower
15:26 Scout Tower
15:58 Guard Tower
15:58 Guard Tower
16:21 Guard Tower
16:21 Guard Tower
16:21 Guard Tower
16:21 Guard Tower
16:22 Guard Tower
16:22 Guard Tower
16:33 Guard Tower
16:33 Guard Tower
16:33 Guard Tower
16:33 Guard Tower
16:56 Guard Tower
16:56 Guard Tower
16:57 Guard Tower
16:57 Guard Tower
16:57 Guard Tower
16:57 Guard Tower
16:58 Guard Tower
16:59 Guard Tower
16:59 Guard Tower
16:59 Guard Tower
16:59 Guard Tower
17:00 Guard Tower
17:00 Guard Tower
17:00 Guard Tower
17:00 Guard Tower
18:59 Gryphon Aviary
19:00 Gryphon Aviary
19:02 Gryphon Aviary
19:18 Gryphon Aviary
19:44 Scout Tower
19:45 Scout Tower
19:45 Scout Tower
19:48 Scout Tower
19:48 Scout Tower
19:59 Blacksmith
20:01 Blacksmith
20:11 Scout Tower
20:39 Guard Tower
20:40 Guard Tower
20:45 Scout Tower
20:51 Scout Tower
20:52 Scout Tower
20:54 Scout Tower
20:54 Scout Tower
20:55 Scout Tower
25:29 Guard Tower
25:29 Guard Tower
25:30 Guard Tower
25:30 Guard Tower
27:32 Guard Tower
27:32 Guard Tower
27:32 Guard Tower
29:19 Town Hall
31:41 Spirit Tower
31:41 Spirit Tower
31:42 Spirit Tower
31:42 Spirit Tower
36:46 Keep
36:46 Keep
36:47 Keep
39:58 Arcane Vault
45:08 Town Hall
45:41 Arcane Sanctum
45:42 Arcane Sanctum
45:55 Castle
45:55 Castle
45:55 Castle
» items
| Staff of Teleportation | 1 | |
| Potion of Invisibility | 4 | |
| Boots of Speed | 1 | |
| Lesser Clarity Potion | 3 | |
| Scroll of Town Portal | 8 | |
| Potion of Mana | 1 | |
| Scroll of Regeneration | 4 | |
| Periapt of Vitality | 1 | |
| Potion of Lesser Invulnerability | 3 | |
| Staff of Sanctuary | 1 | |
| Potion of Healing | 1 | |
28 total
Gamers_united (
orange | 62 APM | 1030 actions | 16:29)
3 Paladin
1 Holy Light
2 Divine Shield
2 Mountain King
1 Thunder Clap
1 Storm Bolt
» actions
| Basic commands | 1 | |
| Build / train | 52 | |
| Enter build submenu | 23 | |
| Enter hero's abilities submenu | 5 | |
| Right click | 734 | |
| Select / deselect | 168 | |
| Use ability | 47 | |
1030 total
» units
| Peasant | 9 | |
| Footman | 6 | |
| Rifleman | 11 | |
| Crypt Fiend | 4 | |
30 total
» upgrades
| Defend | 1 | |
| Armor | 2 | |
| Gunpowder | 1 | |
| Long Rifles | 1 | |
| Creature Carapace | 1 | |
| Creature Attack | 1 | |
| Web | 1 | |
| Burrow | 1 | |
9 total
» buildings
| Farm | 14 | |
| Altar of Kings | 1 | |
| Barracks | 1 | |
| Blacksmith | 1 | |
| Keep | 1 | |
| Lumber Mill | 1 | |
| Scout Tower | 4 | |
| Guard Tower | 1 | |
24 total
» build order
00:04 Farm
00:08 Altar of Kings
00:10 Barracks
01:12 Farm
01:53 Farm
02:36 Farm
03:10 Blacksmith
03:14 Farm
04:48 Farm
04:51 Farm
07:07 Keep
07:09 Farm
08:09 Farm
08:11 Farm
09:18 Farm
10:27 Farm
10:30 Farm
11:07 Lumber Mill
12:30 Farm
13:05 Scout Tower
13:06 Scout Tower
13:08 Scout Tower
13:09 Scout Tower
13:35 Guard Tower
» items
| Healing Salve | 1 | |
| Lesser Clarity Potion | 1 | |
| Scroll of Speed | 1 | |
| Scroll of Regeneration | 1 | |
4 total
for.the.nagas (
green | 22 APM | 213 actions | 09:41)
3 Death Knight
2 Death Coil
1 Unholy Aura
» actions
| Assign group hotkey | 2 | |
| Build / train | 21 | |
| Enter build submenu | 10 | |
| Enter hero's abilities submenu | 3 | |
| Right click | 85 | |
| Select / deselect | 61 | |
| Select group hotkey | 4 | |
| Use ability | 27 | |
213 total
» units
| Acolyte | 2 | |
| Ghoul | 2 | |
| Crypt Fiend | 8 | |
12 total
» buildings
| Graveyard | 1 | |
| Crypt | 1 | |
| Ziggurat | 4 | |
| Altar of Darkness | 1 | |
| Tomb of Relics | 1 | |
| Halls of the Dead | 1 | |
| Slaughterhouse | 2 | |
11 total
» build order
00:33 Graveyard
00:39 Crypt
00:52 Ziggurat
01:00 Altar of Darkness
01:28 Tomb of Relics
01:35 Ziggurat
03:47 Ziggurat
05:21 Halls of the Dead
07:05 Ziggurat
08:21 Slaughterhouse
08:25 Slaughterhouse
» items
| Rod of Necromancy | 1 | |
| Boots of Speed | 1 | |
| Scroll of Town Portal | 1 | |
| Potion of Healing | 1 | |
4 total
Chat log
(00:17 / Allies) junk: rush , double rax me and keep send
(00:27 / Allies) elvenwing: ima dr rush
(00:29 / Allies) JakeTheIdiotBoy: I don't want to rush bro
(00:31 / Allies) BringTheHeat: lol what
(00:36 / Allies) junk: dont rush then
(00:38 / Allies) junk: i will
(00:40 / Allies) junk: and we might lose
(00:41 / Allies) JakeTheIdiotBoy: I want to chill
(00:41 / Allies) elvenwing: hehe
(00:42 / Allies) junk: but oh well
(00:52 / Allies) BringTheHeat: ill attempt to rush lol
(01:52 / All) junk: y
(02:36 / Allies) junk: hit inside though
(02:43 / Allies) junk: outside bases will be more protect
(04:04 / Allies) junk: stun
(04:27 / All) MY-GF-IS-400-LB: be less obvious
(04:29 / All) MY-GF-IS-400-LB: nigger hacker
(04:31 / Allies) junk: go
(04:35 / All) RainOfDespair: Tping a level 1 hero isn't worth it by the way
(04:40 / All) RainOfDespair: 350 gold for just over 100
(05:00 / Allies) elvenwing: im not giving away exp
(07:13 / Allies) JakeTheIdiotBoy: lumber
(09:45 / All) Gamers_united: zzzz
(09:46 / All) RainOfDespair: What a crybaby
(09:51 / All) JakeTheIdiotBoy: 2 sobi masks such trash items
(09:52 / All) RainOfDespair: He didn't get "his" sobi mask
(12:55 / Allies) junk: purple is afk i guess
(13:30 / All) Gamers_united: blue kidz
(13:36 / All) RainOfDespair: He thinks he's so good
(14:42 / All) Gamers_united: well 3v1
(14:47 / All) RainOfDespair: lol
(14:52 / All) RainOfDespair: Red and I are the only players on our team
(14:56 / All) RainOfDespair: You were jerking off doing nothign all game
(15:06 / All) RainOfDespair: My granny could play better than you and she's dead
(16:21 / All) Gamers_united: trash talki
(16:23 / All) Gamers_united: trash kid
(16:25 / All) Gamers_united: trash game
(16:27 / All) JakeTheIdiotBoy: Landazar is an army of his own
(18:45 / All) MY-GF-IS-400-LB: ur such a faggot hacker yellow
(18:52 / All) RainOfDespair: He's a hacker? LOL
(18:55 / All) RainOfDespair: Not a very good one
(19:00 / All) MY-GF-IS-400-LB: hes been hacking obviously allg ame
(19:07 / All) RainOfDespair: I wasn't watching
(20:31 / Allies) elvenwing: help
(20:46 / Allies) elvenwing: need aa
(20:50 / Allies) elvenwing: hes goin to pink
(21:28 / All) RainOfDespair: I always forget those see invisibility
(21:40 / Allies) elvenwing: gold?
(21:55 / Allies) JakeTheIdiotBoy: Share some of your gold yellow
(21:58 / Allies) JakeTheIdiotBoy: you almost have 2k
(22:03 / Allies) JakeTheIdiotBoy: purple has hardly any
(22:31 / Allies) BringTheHeat: he has bats
(22:35 / Allies) elvenwing: no shit
(24:05 / Allies) elvenwing: they have no expo
(24:21 / Allies) BringTheHeat: lmao
(24:27 / Allies) BringTheHeat: look at the towers
(25:10 / Allies) BringTheHeat: lol
(25:31 / Allies) elvenwing: well i have nothing now
(25:37 / Allies) elvenwing: u guys gonna do somethin?
(25:42 / Allies) JakeTheIdiotBoy: Tell it to Oprah
(25:44 / Allies) junk: nah
(25:47 / Allies) JakeTheIdiotBoy: Cuz I don't fucking care
(26:12 / All) RainOfDespair: Why is yellow just masturbating in his base all game?
(26:28 / All) JakeTheIdiotBoy: He's been watching Ricki Lake
(26:39 / All) JakeTheIdiotBoy: It's a rerun but he don't care, it's his favorite episode
(27:09 / Allies) BringTheHeat: lmfao
(27:11 / Allies) BringTheHeat: 20k
(27:24 / Allies) BringTheHeat: thats fucked up man
(27:26 / Allies) elvenwing: wow
(27:43 / Allies) elvenwing: may i have some
(28:20 / Allies) BringTheHeat: pink
(28:22 / Allies) BringTheHeat: wtf lol
(28:26 / Allies) junk: cant move
(28:30 / Allies) junk: cuz teal
(30:56 / Allies) junk: moveee
(32:35 / All) elvenwing: plz leave
(32:43 / All) RainOfDespair: It's not over though
(32:59 / Allies) BringTheHeat: dafuq
(34:23 / Allies) junk: stay
(34:25 / Allies) junk: b
(34:36 / Allies) junk: bcak up
(34:50 / Allies) junk: lol newn
(35:28 / Allies) BringTheHeat: watch pink come in for the save xD
(35:36 / Allies) BringTheHeat: i hope
(35:39 / Allies) junk: safE?
(35:39 / Allies) junk: lol
(35:44 / Allies) BringTheHeat: save
(35:50 / Allies) junk: hes saving nothing
(35:51 / Allies) junk: but gold
(35:52 / Allies) junk: obv
(36:02 / Allies) BringTheHeat: he has 5 gryph buildings
(36:12 / Allies) BringTheHeat: might try to be the hero
(36:15 / Allies) BringTheHeat: never know
(36:25 / Allies) junk: n
(36:30 / All) JakeTheIdiotBoy: the only faith we have is faith in us
(38:23 / All) MY-GF-IS-400-LB: it may be possible purp is hacking too
(38:32 / Allies) junk: stay
(38:38 / All) BringTheHeat: rofl
(38:47 / Allies) elvenwing: its true
(38:50 / Allies) elvenwing: im totally a hacker
(38:57 / Allies) elvenwing: worst player on the team other than pink
(38:58 / Allies) BringTheHeat: lmfao
(39:05 / Allies) elvenwing: dumbass
(39:57 / Allies) BringTheHeat: told you gyuys
(43:45 / Allies) elvenwing: mother fuckker
(43:59 / All) MY-GF-IS-400-LB: i wish i could know this faggots aka
(44:02 / All) MY-GF-IS-400-LB: yellow that is
(44:16 / All) RainOfDespair: I don't know why this game has been going so long at all
(44:27 / All) elvenwing: cuz we have 50k gold
(44:35 / All) BringTheHeat: Lmfao
(44:39 / All) JakeTheIdiotBoy: We?
(44:46 / All) RainOfDespair: Have you still not figured it out?
(45:19 / All) BringTheHeat: oh
(45:23 / All) elvenwing: he on your team?
(45:24 / All) BringTheHeat: damn you pink lmao
(45:32 / All) elvenwing: hes gonna make us lose
(45:46 / All) MY-GF-IS-400-LB: U FAGGOTS deserve to lose
(45:57 / Allies) elvenwing: just build a million towers if you're not gonna share
(46:32 / Allies) junk: now you got mad
(46:33 / Allies) junk: lol
(46:41 / All) BringTheHeat: sigh
(46:45 / Allies) junk: cuz i raped him
(46:50 / All) BringTheHeat: :(
(46:51 / Allies) junk: teal can you win if you ctrl pink?
(46:54 / All) RainOfDespair: I hope you had as much fun as I did this game, teal
(46:57 / All) RainOfDespair: Which is to say none at all
(47:00 / All) RainOfDespair: Since this game was dreary
(47:03 / Allies) junk: here
(47:08 / Allies) junk: take pink
(47:11 / All) MY-GF-IS-400-LB: disc hac
(47:14 / All) JakeTheIdiotBoy: lol
(47:19 / All) BringTheHeat: wtf
(47:37 / All) MY-GF-IS-400-LB: i bet u its a friend of that faggot akubo
(47:37 / All) RainOfDespair: Oh good
(47:38 / All) BringTheHeat: this si fucked up
(47:42 / All) MY-GF-IS-400-LB: IDIOT
(47:49 / All) RainOfDespair: lawl
(47:49 / All) JakeTheIdiotBoy: can't move lawl
(47:54 / All) BringTheHeat: whos the hackker
(47:54 / All) JakeTheIdiotBoy: yellow is the hacker
(47:58 / All) RainOfDespair: yellow
(47:58 / All) MY-GF-IS-400-LB: pruple hacks too prob
(48:06 / All) elvenwing: yellow is on the list dumbass its blu
(48:08 / All) RainOfDespair: ON OUR HIT LIST
(48:15 / All) MY-GF-IS-400-LB: it doesnmt matter whos on the list idiot
(48:22 / All) JakeTheIdiotBoy: yelloow is disc hacking to drop me because I killed his expo
(48:23 / All) BringTheHeat: its either yellow or blue
(48:30 / All) elvenwing: oh... idk cuz im not a fuckin cheater
(48:40 / All) RainOfDespair: Lag calmed down now
(48:43 / All) MY-GF-IS-400-LB: shift click ur buildings turncoat and hope he lags out
(48:44 / All) RainOfDespair: hope his disc hack sucks
(48:47 / All) JakeTheIdiotBoy: he asked teal if he could win if he used me then said here 1 sec before hacking
(49:01 / All) RainOfDespair: If we're lucky he'll just hack himself to death
(49:42 / Allies) BringTheHeat: why are you killing me...<
(49:58 / All) elvenwing: dude wtf
(50:07 / All) BringTheHeat: Lol hes killing me now
(50:16 / All) JakeTheIdiotBoy: yellow must lose
(50:20 / All) RainOfDespair: He has to kill everything or the disc hacker gets a win
(50:27 / All) MY-GF-IS-400-LB: doe sit really amtter lol
(50:34 / All) MY-GF-IS-400-LB: he can do this to rank 1
(50:41 / All) RainOfDespair: It's a matter of principle
(50:45 / All) JakeTheIdiotBoy: it's the principle of it
(50:46 / All) BringTheHeat: yeah this game has been going on for like an hour
(50:47 / All) junk: STATS ME. SEE THEM
(50:52 / All) junk: IM BAD
(51:56 / All) JakeTheIdiotBoy: sadly I won't be able to drain my mines
(51:56 / Allies) BringTheHeat: pink can you please just get us a win please lol
(52:16 / All) RainOfDespair: Feels like it stopped maybe he's shutting it down and firing it back up
(52:20 / All) junk: MY REAL IS UNMaSKED
(53:30 / All) BringTheHeat: well fuck
(53:43 / All) junk: bC YOU CARE SO MUCH BOUT IT, UNMaSKED IS NON-SMURFFER
(53:52 / All) RainOfDespair: 23-15
(53:53 / All) MY-GF-IS-400-LB: ENGLISH
(53:56 / All) elvenwing: you all suck!!
(54:01 / All) junk: 4 REAL
(54:02 / All) MY-GF-IS-400-LB: lol
(54:03 / All) junk: WE KNO
(54:31 / Allies) BringTheHeat: ty pink
(54:47 / All) junk: OBV OR THEY WOULDNT OF STAYED IF THEY WERE ANY GOOD.
(54:57 / Allies) BringTheHeat: lol
(55:00 / All) junk: BUT YEAH DOESN'T KNOW WHAT 'RUSH' MEANS. LOL PLEASE UNISTALL
(55:08 / All) JakeTheIdiotBoy: lol
(55:08 / All) RainOfDespair: YES
(55:09 / All) RainOfDespair: He left
(55:15 / All) BringTheHeat: thank god
(55:25 / All) RainOfDespair: I think even teal should agree he needs the loss
(55:27 / All) RainOfDespair: Yellow is a cunt
(55:39 / All) BringTheHeat: haha yeah
(55:43 / All) BringTheHeat: but i blow
(55:51 / All) BringTheHeat: so i couldve used the win lol
(55:56 / All) RainOfDespair: Orange was a cunt but looks like an angel in comparison now
(56:09 / All) JakeTheIdiotBoy: he kept killing my sappers I sent 6 at a time and you kileld 3 that went left
(56:10 / All) MY-GF-IS-400-LB: teal does not give the win for supporting the hacker i say
(56:21 / All) JakeTheIdiotBoy: so I just killed him with my army and then he start disc hacking
(56:25 / All) RainOfDespair: I was just having him admit yellow needs the loss
(56:40 / All) BringTheHeat: he does lol
(56:42 / All) RainOfDespair: His disc hack wasn't very good it didn't even lag one person out
(56:43 / All) BringTheHeat: his hack sucked dick
(57:16 / All) MY-GF-IS-400-LB: that was weird
(57:21 / All) MY-GF-IS-400-LB: just saw a big red dot
(57:29 / All) MY-GF-IS-400-LB: like a unit was selected
(57:32 / All) MY-GF-IS-400-LB: but nothing was there
(58:03 / All) JakeTheIdiotBoy: 3 different colored dragons
(58:13 / All) BringTheHeat: Noooooo
(58:43 / All) JakeTheIdiotBoy: any last words teal?
(58:50 / All) BringTheHeat: um
(58:50 / All) BringTheHeat: gg
(59:03 / All) MY-GF-IS-400-LB: u support hackers ugot this coming teal
(59:05 / All) JakeTheIdiotBoy: Indeed, good game and good day